 Dungeon Crawl Stone Soup version 0.27.1-3-gb3d3a73c9e (webtiles) character file.

Game seed: 7084370521698661341

109538 nxtlvl the Unseen (level 16, -3/72 HPs)
             Began as a Spriggan Artificer on Oct 12, 2021.
             Was the Champion of Dithmenos.
             Slain by a salamander (6 damage)
             ... on level 4 of the Snake Pit on Oct 13, 2021.
             The game lasted 04:33:28 (12940 turns).

nxtlvl the Unseen (Spriggan Artificer)             Turns: 12940, Time: 04:33:30

Health: -3/72      AC:  4    Str:  4    XL:     16   Next: 5%
Magic:  4/37       EV: 32    Int: 26    God:    Dithmenos [******]
Gold:   509        SH:  0    Dex: 20    Spells: 12/30 levels left

rFire    + . .     SeeInvis +   a - +7 quick blade of the Kidney {freeze, rElec rF+ Dex+3 Stlth+}
rCold    + . .     Faith    .   (shield restricted)
rNeg     + + +     Spirit   .   c - +0 troll leather armour
rPois    +         Reflect  .   (helmet restricted)
rElec    +         Harm     .   (no cloak)
rCorr    +         Rampage  .   (gloves unavailable)
Will     ++...                  (boots unavailable) Stlth *******+++
                                Z - amulet of Azeoclegg {rPois rN+++ Regen+ rCorr Str-4}
HPRegen  2.22/turn              k - ring "Awegeolo" {rC+ rN+ MP+9 Int+2 Stlth+}
MPRegen  0.25/turn              p - +6 ring of intelligence

@: wereblooded, wreathed by umbra, very quick
A: very small, no large weapons, unfitting armour, see invisible, speed 3
a: Renounce Religion, Shadow Step, Shadow Form


You were on level 4 of the Snake Pit.
You worshipped Dithmenos.
Dithmenos was exalted by your worship.
You visited 5 branches of the dungeon, and saw 26 of its levels.
You also visited: Bailey and Ice Cave.

You collected 3063 gold pieces.
You spent 2554 gold pieces at shops.

Inventory:

Hand Weapons
 a - the +7 quick blade of the Kidney (weapon) {freeze, rElec rF+ Dex+3 Stlth+}
   (You acquired it on level 5 of the Dungeon)

   It freezes those it strikes, dealing additional cold damage.
   It can also slow down cold-blooded creatures.
   Dex:       It affects your dexterity (+3).
   rF:        It protects you from fire.
   rElec:     It insulates you from electricity.
   Stlth:     It makes you more stealthy.
 b - the +5 hunting sling of Ozxorph Kihu {venom, +Blink Int+7 Stlth+}
   (You found it on level 2 of the Snake Pit)

   Any ammunition fired from it poisons the flesh of those it strikes.
   Int:       It affects your intelligence (+7).
   +Blink:    It lets you blink.
   Stlth:     It makes you more stealthy.
Missiles
 x - 3 throwing nets (quivered)
Armour
 c - a +0 troll leather armour (worn)
 d - a +0 buckler
Magical Staves
 A - a staff of air
 B - a staff of conjuration
Jewellery
 k - the ring "Awegeolo" (left hand) {rC+ rN+ MP+9 Int+2 Stlth+}
   (You found it on level 6 of the Lair of Beasts)

   [ring of magical power]

   Int:       It affects your intelligence (+2).
   rC:        It protects you from cold.
   rN:        It protects you from negative energy.
   MP:        It affects your magic capacity (+9).
   Stlth:     It makes you more stealthy.
 l - a ring of resist corrosion
 o - a ring of positive energy
 p - a +6 ring of intelligence (right hand)
 z - an amulet of magic regeneration
 K - a ring of protection from cold
 L - a ring of willpower
 O - a ring of fire
 P - a ring of flight
 Z - the amulet of Azeoclegg (around neck) {rPois rN+++ Regen+ rCorr Str-4}
   (You acquired it on level 2 of the Orcish Mines)

   [amulet of regeneration]

   Str:       It affects your strength (-4).
   rPois:     It protects you from poison.
   rN:        It renders you almost immune to negative energy.
   Regen:     It increases your rate of health regeneration.
   rCorr:     It protects you from acid and corrosion.
Wands
 h - a wand of iceblast (9)
 t - a wand of flame (25)
 C - a wand of mindburst (11)
 S - a wand of polymorph (6)
 Y - a wand of charming (10)
Scrolls
 i - 5 scrolls of fog
 m - 2 scrolls of blinking
 q - 2 scrolls of fear
 r - 11 scrolls of teleportation {unknown}
 v - 2 scrolls of enchant weapon
 w - a scroll of immolation
 y - 4 scrolls of magic mapping
 F - 3 scrolls of torment
 M - 3 scrolls of enchant armour {unknown}
 N - 2 scrolls of amnesia {unknown}
 X - 2 scrolls of vulnerability {unknown}
Potions
 f - 8 potions of curing
 g - 2 potions of resistance
 j - 5 potions of flight
 n - 2 potions of brilliance
 s - 2 potions of lignification
 u - 3 potions of magic {unknown}
 D - a potion of haste
 E - 6 potions of might {unknown}
 H - a potion of berserk rage {unknown}
 I - 2 potions of mutation {unknown}
 J - 5 potions of attraction {unknown}
 R - 2 potions of heal wounds
 T - a potion of ambrosia {unknown}
Miscellaneous
 e - a piece from Xom's chessboard (15/15)
 Q - a condenser vane
 U - a phial of floods (inert)


   Skills:
 + Level 3.1 Fighting
 - Level 8.0 Short Blades
 + Level 20.1 Dodging
 + Level 20.9 Stealth
 + Level 7.5 Spellcasting
 - Level 6.0 Transmutations
 * Level 12.8 Earth Magic
 - Level 10.0 Evocations


You had 12 spell levels left.
You knew the following spells:

 Your Spells              Type           Power      Damage    Failure   Level
a - Wereblood             Tmut           41%        N/A       1%          2
q - Passwall              Tmut/Erth      46%        N/A       1%          2
x - Lee's Rapid Deconstr  Erth           33%        3d18*     1%          5
z - Stone Arrow           Conj/Erth      86%        3d12      2%          3
Q - Petrify               Tmut/Erth      56%        N/A       2%          4
W - Ensorcelled Hibernat  Hex/Ice        18%        N/A       16%         2

Your spell library contained the following spells:

 Spells                   Type           Power      Damage    Failure   Level
 Sandblast                Erth           100%       2d20      1%          1
 Spider Form              Tmut/Pois      12%        N/A       10%         3
 Pain                     Necr           36%        1d5       11%         1
 Summon Small Mammal      Summ           36%        N/A       11%         1
 Corpse Rot               Necr/Air       N/A        N/A       16%         2
 Static Discharge         Conj/Air       9%         N/A       16%         2
 Sublimation of Blood     Necr           4%         N/A       16%         2
 Call Canine Familiar     Summ           9%         N/A       32%         3
 Summon Guardian Golem    Hex/Summ       9%         N/A       32%         3
 Bolt of Magma            Conj/Fire/Erth 16%        4d9       45%         5
 Dispel Undead            Necr           9%         3d8       71%         4
 Fulminant Prism          Conj/Hex       4%         3d6       71%         4
 Iskenderun's Mystic Bla  Conj/Tloc      9%         2d4       71%         4
 Sticky Flame             Conj/Fire      9%         2d3       71%         4
 Death Channel            Necr           4%         N/A       100%        6
 Shadow Creatures         Summ           N/A        N/A       100%        6
 Haunt                    Necr/Summ      4%         N/A       100%        7
 Summon Hydra             Summ           4%         N/A       100%        7
 Shatter                  Erth           33%        3d27*     100%        9


Dungeon Overview and Level Annotations

Branches:
Dungeon (13/15)            Temple (1/1) D:7            Lair (6/6) D:11
 Shoals (0/4) Lair:2        Snake (4/4) Lair:4        Slime (0/5) Lair:5
    Orc (2/2) D:12            Elf (0/3) Orc:2        Bailey (visited)
  IceCv (visited)
 Vaults: D:13-14

Altars:
Dithmenos
Elyvilon
Gozag
Kikubaaqudgha
Okawaru
Qazlal
Uskayaw
Wu Jian
Xom
Yredelemnul
Beogh

Shops:
D:1 =   D:4 *   D:5 *   D:7 :*   D:8 *   Orc:2 *=?[!   Snake:2 (

Portals:
Pandemonium: Orc:2

Annotations:
D:9 Erica
Lair:3 1 runed translucent door, Zolin Bej's ghost, journeyman GnFi
Lair:5 exclusion: 3 oklob plants


Innate Abilities, Weirdness & Mutations

You are very small and have problems with some larger weapons.
You are too small for most types of armour.
You have supernaturally acute eyesight. (SInv)
You cover ground extremely quickly. (Speed+++)


Message History

The naga warrior constricts your anaconda.
Your anaconda bites the naga warrior but does no damage.
Your anaconda constricts the naga warrior.
Your anaconda bites the naga warrior.
Your anaconda constricts the naga warrior.
The naga warrior hits your anaconda with a +0 war axe.
The naga warrior constricts your anaconda.
Your anaconda bites the naga warrior but does no damage.
Your anaconda constricts the naga warrior.
Unknown command.
Your anaconda bites the naga warrior!
Your anaconda constricts the naga warrior.
The naga warrior hits your anaconda with a +0 war axe!
The naga warrior constricts your anaconda.
Your anaconda dies!
You howl as the wereblood boils in your veins!
The naga warrior spits poison at you. The splash of poison misses you.
You see here a +0 trident.
The naga warrior roars a battlecry!
You hit the naga warrior but do no damage.
The naga warrior is almost dead.
You hit the naga warrior. You freeze the naga warrior.
You kill the naga warrior!
Dithmenos accepts your kill.
A naga ritualist comes into view. It is wielding a +0 battleaxe.
The salamander hits you with a +0 trident!!
You emit a cloud of dark smoke.
You are engulfed in flames.
You resist.
A naga mage comes into view. It is wielding a +0 spear.
The naga ritualist moves out of view.
Things that are here:
a +0 war axe; a +0 robe; a naga corpse You hit the salamander.
You freeze the salamander.
The salamander is heavily wounded.
Your shadow hits the salamander but does no damage.
You howl as the wereblood boils in your veins!
The salamander hits you with a +0 trident!!
* * * LOW HITPOINT WARNING * * *
You emit a cloud of dark smoke.
You are engulfed in flames.
You resist.
You die...

.......## #.....##..#.
#...N.## ##)#...##.#.
#)..##########.#......#.
##...
##...##..##.............
##....
##)..#.....###.........
#..... ##).'.#####
#......... #NN... ##..N§#
##..(...... #.N.. ##...#N#
#.......... #... ##)..##@#
#§§§....... #..##...##§§#
##§§###..... #N.N..##§§##
#§§§# #....
........N.##..#### #§§§###
....
N....N!.N####.)..####.§§§.#.
... ...##...##
####.......§§...... ..
#...## ###.............. .
#...# #..#.....#.#... #...#
#..#.......# ..


You could see a salamander (fast, strong) and a naga mage.

Vanquished Creatures
  A nagaraja (Snake:4)
  Nessos (Orc:2)
  Azrael (Orc:2)
  5 naga warriors
  Harold (D:12)
  4 hydras
  A salamander tyrant (Snake:4)
  A catoblepas (Lair:5)
  A merfolk avatar (Lair:6)
  A boulder beetle (Lair:5)
  2 two-headed ogres
  6 anacondas
  5 orc high priests (Orc:2)
  5 death yaks (Lair:6)
  6 naga sharpshooters
  7 shock serpents
  Sonja (Lair:3)
  4 salamander mystics
  6 naga ritualists
  An infernal demonspawn (Orc:2)
  A gelid demonspawn (Orc:2)
  5 mana vipers
  8 orc knights
  A harpy (Lair:6)
  6 oklob plants (Lair:5)
  11 salamanders
  7 orc sorcerers
  2 cyclopes (D:12)
  2 manticores (Lair:5)
  18 elephants
  A centaur zombie (D:11)
  2 guardian serpents
  2 smoke demons (Orc:2)
  A torpor snail (Lair:6)
  32 black mambas
  4 naga magi
  5 cane toads
  An ice devil (Orc:2)
  9 komodo dragons
  2 rime drakes
  6 trolls
  A polar bear (Lair:5)
  25 blink frogs
  2 snapping turtles
  2 dream sheep (Lair:6)
  3 hornets
  Sigmund (D:5)
  2 shadows
  A ynoxinul (Orc:2)
  3 wyverns
  21 yaks
  A basilisk (Lair:5)
  A fire elemental (Orc:2)
  5 vampire mosquitoes
  2 steam dragons
  A neqoxec (Orc:2)
  Menkaure (D:5)
  24 nagas
  2 wargs
  3 acid dragons
  7 water moccasins
  3 hell hounds
  49 orc warriors
  A sky beast (D:6)
  2 black bears
  3 wolves (Lair:5)
  8 ogres
  4 centaurs
  3 kobold brigands
  14 bullfrogs
  3 gnoll sergeants
  A water moccasin zombie (D:5)
  A scorpion (D:5)
  2 lindwurm simulacra (IceCv)
  5 killer bees (D:7)
  3 electric eels
  4 komodo dragon simulacra (IceCv)
  A hound (D:7)
  A jelly (D:8)
  23 orc priests
  18 orc wizards
  An iguana (D:6)
  7 hell rats
  3 acid dragon simulacra (IceCv)
  An adder (D:5)
  14 gnolls
  2 river rats (D:11)
  2 ufetubi
  An adder zombie (D:5)
  85 orcs
  4 goblins
  4 hobgoblins (Bailey)
  A quokka (D:11)
  3 bats
  17 kobolds
  4 rats
592 creatures vanquished.

Vanquished Creatures (collateral kills)
  A soul eater (Orc:2)
  An orc knight (Bailey)
  A salamander (Snake:4)
  5 orc warriors (Bailey)
  An orc priest (Orc:2)
  6 gnolls (Bailey)
  8 orcs
  11 hobgoblins (Bailey)
  12 goblins (Bailey)
46 creatures vanquished.

Vanquished Creatures (others)
  An anaconda (Snake:4)
  2 orc knights (Bailey)
  2 elephants (Lair:5)
  2 orc warriors
  A bush (Lair:6)
  13 fungi
  58 plants
79 creatures vanquished.

Grand Total: 717 creatures vanquished

Notes
Turn   | Place    | Note
-------+----------+-------------------------------------------
     0 | D:1      | nxtlvl the Spriggan Artificer began the quest for the Orb.
     0 | D:1      | Reached XP level 1. HP: 9/9 MP: 2/2
     0 | D:1      | Found Weg Tioc's Jewellery Emporium.
    82 | D:4      | Found Cusuacve's Assorted Antiques.
   156 | D:4      | Bought a wand of flame (12) for 20 gold pieces
   159 | D:4      | Found an ancient bone altar of Kikubaaqudgha.
   163 | D:5      | Entered Level 5 of the Dungeon
   175 | D:5      | Noticed a scorpion
   181 | D:5      | Killed a scorpion
   182 | D:5      | Reached XP level 2. HP: 14/14 MP: 3/3
   182 | D:5      | Reached XP level 3. HP: 17/17 MP: 4/4
   191 | D:5      | Noticed Menkaure
   206 | D:5      | Killed Menkaure
   207 | D:5      | Reached XP level 4. HP: 21/21 MP: 5/5
   207 | D:5      | Reached XP level 5. HP: 25/25 MP: 6/6
   215 | D:5      | Found a stormy altar of Qazlal.
   229 | D:5      | Found Udyhif's General Store.
   235 | D:5      | Noticed Sigmund
   277 | D:5      | Killed Sigmund
   278 | D:5      | Reached XP level 6. HP: 4/29 MP: 7/7
   351 | D:5      | Noticed a water moccasin
   517 | D:6      | Noticed a sky beast
   523 | D:6      | Killed a sky beast
   524 | D:6      | Reached skill level 10 in Evocations
   552 | D:6      | Noticed a steam dragon
   601 | D:7      | Found a large runed translucent door.
   602 | D:7      | Found a large runed translucent door.
   610 | D:7      | Found a hide-covered altar of Uskayaw.
   613 | D:7      | Found a basalt altar of Yredelemnul.
   624 | D:7      | Found Juadaq's Book Emporium.
   626 | D:7      | Found a flagged portal.
   650 | Bailey   | Entered a bailey
   715 | Bailey   | Noticed an orc warrior
   880 | Bailey   | Noticed an orc warrior
   895 | Bailey   | Killed an orc warrior
   920 | Bailey   | Noticed an orc warrior
   927 | Bailey   | Noticed an orc knight
   929 | Bailey   | Killed an orc warrior
   930 | Bailey   | Reached XP level 7. HP: 21/32 MP: 8/8
   937 | Bailey   | Noticed an orc knight
   941 | Bailey   | Noticed an orc knight
   953 | Bailey   | Killed an orc knight
   961 | Bailey   | Noticed an orc knight
   994 | Bailey   | Killed an orc knight
   995 | Bailey   | Reached XP level 8. HP: 31/37 MP: 9/9
  1029 | Bailey   | Noticed an orc warlord
  1032 | Bailey   | Noticed an orc knight
  1042 | Bailey   | Killed an orc knight
  1043 | Bailey   | Reached skill level 10 in Dodging
  1160 | D:5      | Reached XP level 9. HP: 36/40 MP: 10/10
  1161 | D:5      | Acquired the +7 quick blade of the Kidney {freeze, rElec
                  | rF+ Dex+3 Stlth+}
  1166 | D:5      | Reached XP level 10. HP: 41/44 MP: 11/11
  1243 | D:5      | Reached skill level 15 in Dodging
  1713 | D:8      | Found a shimmering altar of Xom.
  1734 | D:8      | Found Remer's Overcharged Wands.
  1773 | D:8      | Reached skill level 1 in Fighting
  1798 | D:7      | Found Saeguezo's General Store.
  1807 | D:7      | Bought a scroll of identify for 24 gold pieces
  2058 | D:9      | Found an opulent altar of Gozag.
  2069 | D:9      | Learned a level 2 spell: Wereblood
  2179 | D:9      | Noticed a two-headed ogre
  2216 | D:9      | Killed a two-headed ogre
  2217 | D:9      | Reached skill level 1 in Spellcasting
  2298 | D:9      | Reached XP level 11. HP: 42/49 MP: 14/14
  2363 | D:10     | Entered Level 10 of the Dungeon
  2424 | D:9      | Found an iron altar of Okawaru.
  2433 | D:9      | Identified the +5 battleaxe "Woekomm" {antimagic, rPois
                  | rCorr Str-4 Dex-2}
  2547 | D:9      | Noticed Erica
  3068 | D:10     | Noticed an orc sorcerer
  3102 | D:10     | Killed an orc sorcerer
  3122 | D:10     | Got the Guide on Doomed Changing
  3205 | D:10     | Learned a level 2 spell: Passwall
  3301 | D:11     | Noticed a death yak
  3343 | D:11     | Noticed a death yak
  3377 | D:11     | Noticed a death yak
  3397 | D:11     | Found a staircase to the Lair.
  3422 | D:11     | Noticed a two-headed ogre
  3425 | D:11     | Killed a two-headed ogre
  3466 | D:11     | Reached skill level 1 in Earth Magic
  3539 | Lair:1   | Entered Level 1 of the Lair of Beasts
  3562 | Lair:1   | Noticed an eight-headed hydra
  3637 | Lair:1   | Reached skill level 5 in Transmutations
  3645 | Lair:2   | Noticed a four-headed hydra
  3650 | Lair:2   | Killed a four-headed hydra
  3826 | Lair:3   | Reached skill level 15 in Stealth
  3860 | Lair:3   | Noticed Sonja
  3864 | Lair:3   | Killed Sonja
  3967 | Lair:3   | Noticed a six-headed hydra
  4115 | Lair:3   | Reached XP level 12. HP: 43/53 MP: 17/17
  4171 | Lair:3   | Found a runed translucent door.
  4172 | Lair:3   | Noticed Zolin Bej's ghost (journeyman GnFi)
  4237 | Lair:3   | Noticed an eight-headed hydra
  4249 | Lair:3   | Found a frozen archway.
  4253 | Lair:3   | Killed an eight-headed hydra
  4263 | IceCv    | Entered an ice cave
  4362 | IceCv    | Identified the +5 spear "Tooch" {vamp, Drain rCorr Str+2}
  4409 | IceCv    | Learned a level 4 spell: Petrify
  4589 | Lair:4   | Found a staircase to the Snake Pit.
  4705 | Lair:5   | Noticed a catoblepas
  4705 | Lair:5   | Noticed a catoblepas
  4879 | Lair:5   | Noticed a boulder beetle
  4886 | Lair:5   | Killed a boulder beetle
  5052 | Lair:5   | Learned a level 5 spell: Lee's Rapid Deconstruction
  5125 | Lair:5   | You fall into a shaft and drop 1 floor!
  5125 | Lair:6   | Entered Level 6 of the Lair of Beasts
  5138 | Lair:6   | Noticed a death yak
  5138 | Lair:6   | Noticed a death yak
  5629 | Lair:5   | Identified the +2 robe "Kemnuotao" {rF- rN+ Dex+4}
  5724 | Lair:5   | Found a staircase to the Slime Pits.
  5748 | Lair:5   | Reached skill level 5 in Earth Magic
  5787 | Lair:5   | Reached XP level 13. HP: 46/56 MP: 16/18
  6509 | D:7      | Found a staircase to the Ecumenical Temple.
  6518 | Temple   | Entered the Ecumenical Temple
  6543 | Temple   | Became a worshipper of Dithmenos the Shadowed
  6786 | D:11     | Reached * piety under Dithmenos
  6976 | D:11     | Learned a level 3 spell: Stone Arrow
  6979 | D:11     | Learned a level 2 spell: Ensorcelled Hibernation
  7301 | D:12     | Found a staircase to the Orcish Mines.
  7356 | D:12     | Reached ** piety under Dithmenos
  7380 | Orc:1    | Entered Level 1 of the Orcish Mines
  7405 | Orc:1    | Noticed Harold
  7481 | D:12     | Killed Harold
  7929 | Orc:2    | Entered Level 2 of the Orcish Mines
  8009 | Orc:2    | Noticed Azrael
  8021 | Orc:2    | Killed Azrael
  8056 | Orc:2    | Reached *** piety under Dithmenos
  8059 | Orc:2    | Found Kyecisch's Distillery.
  8072 | Orc:2    | Bought a potion of heal wounds for 75 gold pieces
  8085 | Orc:2    | Found a staircase to the Elven Halls.
  8150 | Orc:2    | Noticed Nessos
  8159 | Orc:2    | Killed Nessos
  8307 | Orc:2    | Found Vets's Magic Scroll Emporium.
  8314 | Orc:2    | Found Juytupn's General Store.
  8471 | Orc:2    | Reached **** piety under Dithmenos
  8712 | Orc:2    | Reached XP level 14. HP: 61/61 MP: 19/19
  9264 | Orc:2    | Found Pucsut's Jewellery Boutique.
  9264 | Orc:2    | Found Sigh's Antique Armour Shop.
  9264 | Orc:2    | Found a one-way gate leading to the halls of Pandemonium.
  9486 | Orc:2    | Bought a scroll of acquirement for 780 gold pieces
  9486 | Orc:2    | Bought a scroll of acquirement for 780 gold pieces
  9486 | Orc:2    | Acquired 745 gold pieces
  9488 | Orc:2    | Acquired the amulet of Azeoclegg {rPois rN+++ Regen+ rCorr
                  | Str-4}
  9492 | Orc:2    | Bought a scroll of magic mapping for 52 gold pieces
  9492 | Orc:2    | Bought a scroll of fear for 52 gold pieces
  9492 | Orc:2    | Bought a condenser vane for 600 gold pieces
  9527 | Orc:2    | Bought a potion of heal wounds for 75 gold pieces
  9527 | Orc:2    | Bought a potion of curing for 45 gold pieces
  9747 | D:12     | Found an opulent altar of Gozag.
  9862 | Lair:1   | Reached ***** piety under Dithmenos
  9930 | Lair:2   | Found a staircase to the Shoals.
 10108 | Lair:5   | Reached skill level 10 in Earth Magic
 10108 | Lair:5   | Identified the +7 scythe of Roil {pain, Will+ Str+2}
 10253 | Lair:6   | Identified the ring "Awegeolo" {rC+ rN+ MP+9 Int+2 Stlth+}
 10518 | Lair:6   | Reached skill level 5 in Spellcasting
 10939 | Snake:1  | Entered Level 1 of the Snake Pit
 11250 | Snake:2  | Found Qusyj's Weapon Boutique.
 11283 | Snake:2  | Bought a throwing net for 51 gold pieces
 11312 | Snake:2  | Reached XP level 15. HP: 57/65 MP: 20/24
 11514 | Snake:2  | Identified the +5 hunting sling of Ozxorph Kihu {venom,
                  | +Blink Int+7 Stlth+}
 11567 | Snake:2  | Identified the +5 long sword of Disintegration {spect,
                  | Drain rF- rN+++ Int+3}
 11996 | Snake:3  | Reached ****** piety under Dithmenos
 12122 | Snake:4  | Entered Level 4 of the Snake Pit
 12730 | Snake:4  | Noticed a nagaraja
 12872 | Snake:4  | Killed a nagaraja
 12873 | Snake:4  | Reached XP level 16. HP: 69/72 MP: 4/28
 12940 | Snake:4  | HP: 3/72 [salamander (31)]
 12940 | Snake:4  | Slain by a salamander

Illustrated notes

Levels and vault maps discovered:
D:1:      mrwooster_arrival_statue, layout_rooms,
          hellmonk_ecumenical_altar_zigzags, serial_shops, shop, shop_fountains,
          nicolae_shop_crystal, shop, nicolae_diamond_shop, chequers_arboretum,
          minmay_bisected
D:2:      minmay_wonky_spiral, layout_loops_ring, minmay_misc_feat_diagonals
D:3:      layout_basic, nemelex_spade_bored_becter, serial_shops,
          nicolae_shop_statue_plus, nicolae_diamond_shop, grunt_decor_resistance
D:4:      layout_loops_ring, mainiacjoe_overflow_concentric_impassable,
          serial_shops, nicolae_stop_n_shop_1, chequers_avenue
D:5:      layout_loops_ring, nicolae_qazlal_general_emergency, serial_shops,
          nicolae_shop_crystal, minmay_fractal_squares_gapless_5,
          uniq_blork_the_orc, uniq_sigmund, uniq_menkaure
D:6:      layout_rooms
D:7:      layout_cave_pools, jmf_multi_god_temple2, minmay_temple_entry_mist,
          enter_bailey_2, serial_shops, shop, shop, minmay_three_doors
D:8:      layout_basic, lemuel_round_altar, chequers_serial_rivers_small_3,
          nicolae_shop_overcharged_wands
D:9:      layout_loops_ring, lemuel_crystal_altar,
          mainiacjoe_overflow_six_doors_small, special_room [special_room_orc],
          uniq_erica
D:10:     cheibrodos_wizards_tower, layout_basic, kennysheep_mini
D:11:     layout_roguey [special_room_orc], dpeg_lair_monsters
D:12:     layout_basic, erik_orc_3, nicolae_gozag_seed_capital
D:13:     layout_long_grid, serial_rivers, chequers_serial_rivers_room_b,
          chequers_serial_rivers_marsh, chequers_serial_rivers_small_a,
          chequers_serial_rivers_small_3, chequers_serial_rivers_micro_d,
          chequers_serial_rivers_room_a, kennysheep_okawaru_gauntlet,
          uniq_erolcha
Temple:   nicolae_temple_figure_eight
Lair:1:   layout_misc_corridors, chequers_serial_rivers_small_a,
          serial_bayou_pond_a, st_stairs_13, grunt_forest_small_clearing_treed,
          lemuel_fruit_tree
Lair:2:   layout_regular_city, minmay_shoals_entry_hut, serial_bayou_pond_e,
          st_stairs_3, minmay_hedge_maze, bobbens_dragon_lair_wall
Lair:3:   layout_regular_city, gammafunk_ghost_grave,
          portal_ice_cave_entry_pillars_2, minivault_11, uniq_sonja
Lair:4:   layout_loops_ring, guppyfry_snake_entry_island, serial_bayou_lagoon_a
Lair:5:   nzn_motion_control, layout_regular_city,
          minmay_slime_entry_oklob_enclosed, minmay_holes,
          minmay_lair_oklob_chamber
Lair:6:   gammafunk_lair_ancient_temple, layout_regular_city,
          nicolae_quartered_pool_super, serial_bayou_shore_a
Snake:1:  layout_basic, special_room, nicolae_large_snake_swirl
Snake:2:  layout_concentric_octagons, serial_shops, shop_statue,
          grunt_megastairs_2
Snake:3:  layout_misc_corridors, nrook_loot_triangle, uniq_vashnia
Snake:4:  johnstein_snake_rune_scales, layout_rooms
Orc:1:    layout_caves, basic_altar, uniq_harold
Orc:2:    pf_orc_diabolical, layout_diamond_mine, serial_shops,
          nicolae_diamond_shop, uniq_azrael, uniq_nessos

Skill      XL: |  1  2  3  4  5  6  7  8  9 10 11 12 13 14 15 |
---------------+----------------------------------------------+-----
Evocations     | 6 8 9 10 | 10.0
Dodging        | 4 9 13 14 15 16 17 18 19 20 | 20.1
Short Blades   | 8 |  8.0
Stealth        | 8 13 14 16 17 18 19 20 | 20.9
Fighting       | 1 3 |  3.1
Spellcasting   | 1 3 5 7 |  7.5
Transmutations | 2 5 6 |  6.0
Earth Magic    | 2 5 9 11 12 | 12.8

Action                   |  1- 3 |  4- 6 |  7- 9 | 10-12 | 13-15 | 16-18 || total
-------------------------+-------+-------+-------+-------+-------+-------++-------
Melee: Club              |    15 |       |       |       |       |       ||    15
       Mace              |       |    13 |     3 |       |       |       ||    16
       Quick blade       |       |       |       |   818 |  1736 |    19 ||  2573
Throw: Dart              |       |       |       |    14 |       |       ||    14
       Throwing net      |       |       |       |       |    17 |       ||    17
 Cast: Wereblood         |       |       |       |    19 |    40 |     1 ||    60
       Passwall          |       |       |       |     2 |    11 |       ||    13
       Petrify           |       |       |       |     1 |   100 |     2 ||   103
       Stone Arrow       |       |       |       |       |     1 |       ||     1
       Lee's Rapid Decon |       |       |       |       |    20 |       ||    20
Invok: Shadow Step       |       |       |       |       |     1 |       ||     1
Evoke: Wand              |    10 |    22 |    11 |     8 |    29 |     5 ||    85
       Piece from Xom's  |     1 |    10 |     1 |    31 |    16 |       ||    59
       Phial of floods   |       |       |       |       |     3 |       ||     3
       Condenser vane    |       |       |       |       |     1 |       ||     1
  Use: Potion            |       |       |     2 |       |     2 |       ||     4
       Scroll            |       |       |     1 |     8 |     7 |       ||    16
 Stab: Petrified         |       |     4 |       |     2 |    49 |       ||    55
       Sleeping          |       |       |       |    40 |    77 |       ||   117
       Distracted        |       |       |       |     2 |     2 |       ||     4
       Paralysed         |       |       |       |     2 |       |       ||     2
       Confused          |       |       |       |     1 |     1 |       ||     2
       Petrifying        |       |       |       |       |     6 |       ||     6
       Held in net/web   |       |       |       |       |    16 |       ||    16
Armor: Robe              |     7 |       |       |     4 |     1 |       ||    12
       Troll leather arm |       |       |       |       |    14 |       ||    14
Dodge: Dodged            |    19 |     9 |     3 |   249 |   619 |    15 ||   914
